 Dungeon Crawl Stone Soup version 0.29.1-2-gbd0b4ee654 (webtiles) character file.

Game seed: 7877175908026663080

33 Icepheonix32 the Covered (level 3, 0/45 HPs)
             Began as a Demigod Fighter on Nov 3, 2022.
             Constricted to death by Robin (2 damage)
             ... on level 2 of the Dungeon.
             The game lasted 00:00:57 (472 turns).

Icepheonix32 the Covered (Demigod Fighter)           Turns: 472, Time: 00:00:57

Health: 0/45       AC: 21    Str: 21    XL:     3   Next: 0%
Magic:  5/5        EV: -1    Int: 10    God:
Gold:   17         SH:  4    Dex: 13    Spells: 2/2 levels left

rFire   . . .      SeeInvis .   a - +0 war axe
rCold   . . .      Faith    .   c - +0 buckler
rNeg    . . .      Spirit   .   (body armour currently unavailable)
rPois   +          Reflect  .   (helmet currently unavailable)
rElec   .          Harm     .   (cloak currently unavailable)
rCorr   .          Rampage  .   (gloves currently unavailable)
Will    .....      NoTele   +   (boots currently unavailable)
Stlth   +.........              (no amulet)
HPRegen 0.15/turn               (no ring)
MPRegen 0.09/turn               (no ring)

@: tree-form, grasped by roots, constricted
A: stationary, stasis, torment immunity, boosted hp, high MP 1, forlorn, divine
attributes
a: no special abilities


You were on level 2 of the Dungeon.
You were a tree.
You visited 1 branch of the dungeon, and saw 2 of its levels.

You collected 17 gold pieces.

Inventory:

Hand Weapons
 a - a +0 war axe (weapon)
Armour
 b - a +0 scale mail (melded)
 c - a +0 buckler (worn)
Scrolls
 f - a scroll of immolation {unknown}
Potions
 d - a potion of might


   Skills:
 + Level 2.9 Fighting
 + Level 2.3 Axes
 + Level 3.0 Armour
 + Level 0.2 Dodging
 + Level 0.2 Stealth
 + Level 2.9 Shields


You had 2 spell levels left.
You didn't know any spells.
Your spell library was empty.

Dungeon Overview and Level Annotations

Branches:
Dungeon (1/15)

Annotations:
D:2 Robin


Innate Abilities, Weirdness & Mutations

You are a tree.
Your roots penetrate the ground, keeping you stationary.
You cannot be teleported.
You are immune to unholy pain and torment.
Your maximum health is greatly increased.
Your equipment is partially melded.
You have an increased reservoir of magic. (+10% MP)
You shall have no god before yourself.
Your divine heritage dramatically boosts your attributes as you level up.


Message History

You hit the goblin.
The goblin is severely wounded.
You block the goblin's attack. The goblin hits you but does no damage.
Unknown command.
You closely miss the goblin.
The goblin is severely wounded.
The goblin barely misses you.
Unknown command.
You slash the goblin!
You kill the goblin!
You have reached level 3!
Your experience leads to a dramatic increase in your attributes!
Increase (S)trength, (I)ntelligence, or (D)exterity?
You feel stronger. x4
Unknown command.
You barely miss the hobgoblin. The hobgoblin hits you.
The hobgoblin barely misses you.
You closely miss the hobgoblin.
Robin flexes a bicep menacingly.
The hobgoblin hits you.
* * * LOW HITPOINT WARNING * * *
Robin zaps a wand.
The roots erupt in riotous growth!
The hobgoblin is unaffected.
The grasping roots grab you!
Robin is unaffected.
The grasping roots constrict you.
* * * LOW HITPOINT WARNING * * *
You hear a shout!
It was a potion of lignification.
You turn into a tree.
Your +0 scale mail melds into your body.
Your roots penetrate the ground.
The grasping roots constrict you. You block the hobgoblin's attack.
You hit the hobgoblin.
The hobgoblin is moderately wounded.
The hobgoblin no longer looks unusually strong.
The grasping roots constrict you. The hobgoblin hits you.
* * * LOW HITPOINT WARNING * * *
The grasping roots constrict you.
The hobgoblin hits you but does no damage.
The grasping roots constrict you.
You die...

.# ##+## .#
##...## ..#
##.....## #####.#
#.......##
##.#...#
.........####....#
.........'.......#
.........####.($)#
#.......## ##.#♣#
##.....## ###g#
##...## #g# ##+##
#g# #.# #(# #.#
..#


You could see Robin (fast) and 2 hobgoblins.

Vanquished Creatures
  A dart slug (D:1)
  A ball python (D:1)
  A bat (D:1)
  An endoplasm (D:1)
  2 giant cockroaches (D:1)
  7 goblins
  A hobgoblin (D:2)
  6 jackals (D:1)
  A quokka (D:1)
  A frilled lizard (D:2)
  2 kobolds (D:1)
  A rat (D:1)
25 creatures vanquished.

Notes
Turn   | Place    | Note
-------+----------+-------------------------------------------
     0 | D:1      | Icepheonix32 the Demigod Fighter began the quest for the
                  | Orb.
     0 | D:1      | Reached XP level 1. HP: 18/18 MP: 3/3
   107 | D:1      | Reached skill level 3 in Armour
   140 | D:1      | Reached XP level 2. HP: 25/25 MP: 4/4
   435 | D:1      | You fall into a shaft and drop 1 floor!
   449 | D:2      | Noticed Robin
   469 | D:2      | Reached XP level 3. HP: 12/30 MP: 5/5
   472 | D:2      | HP: 2/45 [hobgoblin[Robin] (4)]
   472 | D:2      | Constricted to death by Robin

Illustrated notes

Levels and vault maps discovered:
D:1:      mrwooster_arrival_statue, layout_loops_ring, minmay_tripent
D:2:      layout_loops_corners, nicolae_ecumenical_oubliette, uniq_robin,
          uniq_terence

Skill      XL: |  1  2 |
---------------+-------+-----
Armour         | 3 |  3.0
Axes           | 2 |  2.3
Fighting       | |  2.9
Dodging        | |  0.2
Stealth        | |  0.2
Shields        | |  2.9

Action                   || total
-------------------------++-------
Melee: War axe           ||    69
  Use: Potion            ||     1
Armor: Scale mail        ||    57
       Skin              ||     1
Dodge: Dodged            ||    45
Block: Buckler           ||    21
